Map: World of Sleepers LE

Players

톨스

  • Race: Terran Terran
  • League: Gold
  • Spawn Location: 1:00

FLORENCIO - Winner!

  • Race: Terran Terran
  • League: Diamond
  • Spawn Location: 7:00

VOD

Have the link to the VOD?

Description

Time

  • Played on: Jan. 5, 2020, 9:14 p.m.
  • Length: 4:33
Show
View Real Time Build Order
Export as new Build Order

톨스 Terran 

Build Orders:  

Get SALT Encoding   

  12  0:01  SCV  
  13  0:13  SCV  
  14  0:19  Supply Depot  
  14  0:26  SCV  
  15  0:44  Barracks  
  15  0:52  Barracks  
  15  0:58  SCV  
  16  1:11  SCV  
  17  1:22  Refinery  
  17  1:23  SCV  
  18  1:25  Engineering Bay  
  18  1:32  Supply Depot  
  18  1:33  Marine  
  18  1:35  SCV  
  14  1:41  Marine  
  6  2:42  Marine  
  7  3:07  Marine  
  8  3:32  Marine  
  4  4:05  Marine  
Show
View Real Time Build Order
Export as new Build Order

FLORENCIO Terran - Winner!

Build Orders:  

Get SALT Encoding   

  12  0:01  SCV  
  13  0:13  SCV  
  14  0:17  Supply Depot  
  14  0:25  SCV  
  15  0:32  Refinery  
  15  1:17  Barracks  
  14  2:29  Marine  
  15  2:43  Supply Depot  
  15  2:47  Marine  
  16  2:55  Refinery  
  16  3:04  Marine  
  16  3:05  Supply Depot  
  17  3:10  SCV  
  18  3:22  Marine, SCV  
  18  3:25  Refinery  
  20  3:34  SCV  
  18  4:01  Marine  
  18  4:02  Barracks  
  19  4:12  Supply Depot  
Tags
 
Add a new tag
Caveats
  • Supply blocks, unpowered buildings, or Contaminate may cause inaccurate times.
  • Supply counts are checked every 10 seconds.